 Dungeon Crawl Stone Soup version 0.27.1-33-g824d729ab1 (webtiles) character file.

Game seed: 16561934871118790573

356 walnutcon the Covert (level 6, -10/35 HPs)
             Began as a Vampire Brigand on Dec 15, 2021.
             Shot with an arrow by a centaur (12 damage)
             ... on level 6 of the Dungeon.
             The game lasted 00:25:25 (4924 turns).

walnutcon the Covert (Vampire Brigand)              Turns: 4924, Time: 00:25:27

Health: -10/35     AC:  0    Str:  2 (10) XL:     6   Next: 36%
Magic:  6/6        EV: 18    Int:  4 (14) God:
Gold:   248        SH:  0    Dex: 10 (22) Spells: 5/5 levels left

rFire    . . .     SeeInvis +   (weapon currently unavailable)
rCold    + + .     Faith    .   (shield currently unavailable)
rNeg     + + +     Spirit   .   (armour currently unavailable)
rPois    ∞         Reflect  .   (helmet currently unavailable)
rElec    .         Harm     .   (cloak currently unavailable)
rCorr    .         Rampage  .   (gloves currently unavailable)
Will     .....                  (boots currently unavailable)
Stlth    ++++++....             (no amulet)
HPRegen  0.00/turn              (ring currently unavailable)
MPRegen  0.10/turn              (ring currently unavailable)

@: bat-form, flying, bloodless, inhibited regen, very quick
A: fast, flying, no casting, bloodless, tiny, fangs 3, see invisible, vampiric 2
a: Revivify, End Transformation


You were on level 6 of the Dungeon.
You were a vampire bat.
You visited 1 branch of the dungeon, and saw 6 of its levels.
You also visited: Ossuary.

You collected 248 gold pieces.

Inventory:

Hand Weapons
 a - a +2 dagger (melded)
 m - a +0 quarterstaff of distortion
Missiles
 d - 7 poisoned darts (quivered)
 e - a curare-tipped dart
 i - 50 arrows
 l - 65 stones
 t - 5 boomerangs
Armour
 b - a +0 robe (melded)
 c - a +0 cloak (melded)
Jewellery
 f - a +6 ring of intelligence (melded)
 r - a ring of magical power
 z - a ring of poison resistance
Wands
 A - a wand of polymorph (7)
 C - a wand of flame (40)
Scrolls
 g - a scroll of identify
 k - a scroll of magic mapping {unknown}
 n - a scroll of teleportation {unknown}
 o - a scroll of enchant armour
 q - a scroll of torment
 s - a scroll of silence {unknown}
 w - 2 scrolls of noise
 y - a scroll of vulnerability {unknown}
Potions
 h - 4 potions of curing
 j - 5 potions of degeneration
 p - a potion of berserk rage {unknown}
 u - a potion of flight {unknown}
 v - a potion of resistance {unknown}
 x - a potion of attraction {unknown}
 B - a potion of haste {unknown}


   Skills:
 - Level 1.7 Fighting
 * Level 6.3 Short Blades
 - Level 1.5 Throwing
 - Level 1.1 Dodging
 + Level 8.2 Stealth


You had 5 spell levels left.
You didn't know any spells.
Your spell library was empty.

Dungeon Overview and Level Annotations

Branches:
Dungeon (6/15)            Ossuary (visited)
 Temple: D:4-7

Altars:
Elyvilon
Fedhas
Makhleb

Annotations:
D:4 Menkaure
D:6 Dowan, Duvessa, Sigmund


Innate Abilities, Weirdness & Mutations

You are a vampire bat.
You are tiny and dextrous.
You move quickly.
You are flying.
You are immune to poison.
Your equipment is almost entirely melded.
You are incapable of wielding weapons or throwing items.
You cannot cast spells.
You do not regenerate when monsters are visible.
You are frail without blood (-20% HP).
You can heal yourself when you bite living creatures.
You have razor-sharp teeth.
You have supernaturally acute eyesight. (SInv)
You are afflicted with vampirism and can become a bat while bloodless.


Message History

You hear a distant slurping noise.
HP restored.
The iguana hisses angrily.
You hit the iguana.
The iguana is lightly wounded.
You hit the iguana but do no damage.
The iguana is lightly wounded.
The iguana bites you.
You hit the iguana but do no damage.
The iguana is lightly wounded.
The iguana bites you!
You closely miss the iguana.
The iguana is lightly wounded.
The iguana bites you!
* * * LOW HITPOINT WARNING * * *
The iguana hisses angrily.
There is a stone staircase leading up here.
There are no items here.
The iguana barely misses you.
You climb upwards.
Level annotation: Menkaure
There is a stone staircase leading down here.
You turn into a vampire bat.
Your +2 dagger melds into your body.
Your +0 cloak melds into your body.
Your +0 robe melds into your body.
Your +6 ring of intelligence melds into your body.
You feel stupid.
You feel weakened.
You feel dopey.
You feel clumsy.
Found 22 bolts.
There is a stone staircase leading down here.
You can't go up here!
You fly downwards.
There is a stone staircase leading up here.
There is a stone staircase leading down here.
You fly downwards.
Level annotation: Dowan, Duvessa The centaur wields a +0 shortbow.
The centaur shoots an arrow.
The arrow closely misses you.
The arrow barely misses Duvessa.
Duvessa hits you with a +0 short sword!
* * * LOW HITPOINT WARNING * * *
The centaur shoots an arrow.
The arrow hits you!
You die...

## ### .# . ...#
####.###..
#...##.........
###..#.....e.#..
..............@.
#...e.........
#..b..≈≈≈≈≈≈
#......≈≈≈≈≈≈≈≈≈
####..≈≈≈≈≈≈..≈≈
....≈≈≈≈c####.≈
###≈≈≈≈.## ≈
#≈≈≈cc# #≈≈≈...
≈≈≈≈...


You could see Duvessa, Sigmund (wandering), Dowan and 3 centaurs.

Vanquished Creatures
  A water moccasin zombie (D:5)
  A howler monkey (D:5)
  2 iguanas (D:5)
  2 mummies
  2 gnolls (D:5)
  6 adders
  A white imp (D:5)
  An adder skeleton (D:4)
  A worm (D:2)
  An orc (D:5)
  4 spectral bats (Ossuary)
  3 endoplasms
  4 giant cockroaches
  12 gnoll zombies (Ossuary)
  3 goblins
  3 hobgoblins
  8 kobolds
  3 quokkas
  8 ball pythons
  2 bats
  A bat simulacrum (Ossuary)
  3 frilled lizards
  A goblin simulacrum (Ossuary)
  4 goblin zombies (Ossuary)
  6 hobgoblin zombies (Ossuary)
  4 kobold simulacra (Ossuary)
  5 kobold zombies (Ossuary)
  3 orc zombies (Ossuary)
  2 rats (D:2)
  3 rat simulacra (Ossuary)
  3 spectral goblins (Ossuary)
  7 spectral rats (Ossuary)
110 creatures vanquished.

Notes
Turn   | Place    | Note
-------+----------+-------------------------------------------
     0 | D:1      | walnutcon the Vampire Brigand began the quest for the Orb.
     0 | D:1      | Reached XP level 1. HP: 16/16 MP: 1/1
   145 | D:1      | Reached skill level 6 in Stealth
   187 | D:1      | Reached XP level 2. HP: 8/17 MP: 2/2
  1137 | D:2      | Gained mutation: You are afflicted with vampirism and can
                  | become a bat while bloodless. [Vampire growth]
  1137 | D:2      | Reached XP level 3. HP: 14/21 MP: 3/3
  1825 | D:3      | You fall into a shaft and drop 1 floor!
  1840 | D:4      | Found a sand-covered staircase.
  1843 | D:4      | Reached XP level 4. HP: 26/26 MP: 4/4
  1845 | Ossuary  | Entered an ossuary
  2000 | Ossuary  | Reached skill level 7 in Stealth
  2424 | D:4      | Reached XP level 5. HP: 27/30 MP: 5/5
  2524 | D:4      | Reached skill level 5 in Short Blades
  2726 | D:4      | Noticed Menkaure
  2734 | D:5      | Entered Level 5 of the Dungeon
  2831 | D:5      | Noticed a centaur
  3143 | D:5      | Noticed an ogre
  3203 | D:5      | Noticed a centaur
  3806 | D:4      | Noticed a black bear
  4002 | D:5      | Reached skill level 8 in Stealth
  4002 | D:5      | Reached XP level 6. HP: 35/35 MP: 6/6
  4066 | D:6      | Noticed Duvessa
  4066 | D:6      | Noticed Dowan
  4584 | D:5      | Found a blossoming altar of Fedhas.
  4661 | D:4      | Found a burning altar of Makhleb.
  4924 | D:6      | Noticed Sigmund
  4924 | D:6      | Shot with an arrow by a centaur

Illustrated notes

Levels and vault maps discovered:
D:1:      minmay_arrival_five_plusses, layout_rooms, hangedman_decor_lopped,
          st_stairs_4, minmay_misc_feat_more_columns, minmay_cupped
D:2:      layout_rooms
D:3:      layout_loops_corners, lemuel_blue_sif_altar, uniq_jessica
D:4:      layout_rooms, makhleb_heckhound_becter, nicolae_ossuary_entry_giza,
          minmay_manual_monolith, uniq_menkaure
D:5:      layout_basic, fedhas_bush_and_centaur_altar,
          nicolae_overflow_hidden_temple, minmay_bent
D:6:      layout_rooms, nicolae_qazlal_eye_of_the_storm,
          mainiacjoe_overflow_cross_hatched,
          mainiacjoe_overflow_small_starburst, centaur_isle, uniq_duvessa,
          uniq_sigmund, uniq_maggie

Skill      XL: |  1  2  3  4  5 |
---------------+----------------+-----
Stealth        | 6 7 8 |  8.2
Short Blades   | 3 4 6 |  6.3
Fighting       | |  1.7
Throwing       | |  1.5
Dodging        | |  1.1

Action                   |  1- 3 |  4- 6 || total
-------------------------+-------+-------++-------
Melee: Dagger            |    90 |   284 ||   374
       Bite              |     4 |    24 ||    28
Throw: Dart              |     2 |    10 ||    12
 Abil: Exsanguinate      |     1 |       ||     1
       Bat Form          |     1 |     5 ||     6
       End Transformatio |     1 |     4 ||     5
  Use: Potion            |       |     3 ||     3
       Scroll            |       |     5 ||     5
 Stab: Sleeping          |    13 |    24 ||    37
       Distracted        |       |     1 ||     1
Armor: Robe              |    17 |    60 ||    77
Dodge: Dodged            |    53 |   133 ||   186
